 Dungeon Crawl Stone Soup version 0.31-a0-185-g9dded2c639 (webtiles) character file.

Game seed: 3502480603525533971

44 qw the Shooter (level 3, -2/20 HPs)
             Began as a Deep Elf Hunter on June 22, 2023.
             Slain by a gnoll
             ... wielding a +0 spear
              (6 damage)
             ... on level 2 of the Dungeon.
             The game lasted 00:00:19 (778 turns).

qw the Shooter (Deep Elf Hunter)                     Turns: 778, Time: 00:00:19

Health: -2/20      AC:  6    Str: 10    XL:     3   Next: 41%
Magic:  5/5        EV:  9    Int: 13    God:
Gold:   36         SH:  0    Dex: 18    Spells: 2/2 levels left

rFire   . . .        Y - +2 shortbow
rCold   . . .        (shield currently unavailable)
rNeg    + . .        m - +0 scale mail
rPois   .            (no helmet)
rElec   .            (no cloak)
rCorr   .            (no gloves)
SInv    .            (no boots)
Will    .....        (no amulet)
Stlth   +            h - ring of positive energy
HPRegen 0.23/turn    (no ring)
MPRegen 0.09/turn

%: no passive effects
@: no status effects
A: no striking features
a: no special abilities


You were on level 2 of the Dungeon.
You visited 1 branch of the dungeon, and saw 2 of its levels.

You collected 36 gold pieces.


   Skills:
 - Level 1.5 Fighting
 + Level 7.0 Ranged Weapons
 - Level 2.4 Dodging
 - Level 1.2 Stealth


You had 2 spell levels left.
You didn't know any spells.
Your spell library was empty.

Inventory:

Hand Weapons
 Y - a +2 shortbow (weapon)
Armour
 m - a +0 scale mail (worn)
Jewellery
 h - a ring of positive energy (left hand)
Potions
 d - a potion of degeneration {unknown}
 i - a potion of brilliance {unknown}
 j - a potion of curing {unknown}
 l - a potion of magic {unknown}

Dungeon Overview and Level Annotations

Branches:
Dungeon (2/15)

Altars:


Message History

You shoot an arrow. The arrow hits the worm.
The worm is almost dead.
The worm bites you.
You shoot an arrow. The arrow hits the worm!
You kill the worm!
You start resting.
HP restored.
Found a hand axe.
You now have 22 gold pieces (gained 11).
You now have 36 gold pieces (gained 14).
A gnoll comes into view. It is wielding a +0 club.
The gnoll shouts!
You hear a shout! x2
A gnoll comes into view. It is wielding a +0 club.
You shoot an arrow. The arrow barely misses the gnoll.
The gnoll shouts!
The arrow hits the gnoll.
The gnoll is moderately wounded.
You shoot an arrow. The arrow barely misses the gnoll.
A gnoll comes into view. It is wielding a +0 spear.
You shoot an arrow. The arrow hits the gnoll.
The gnoll is lightly wounded.
You shoot an arrow. The arrow barely misses the gnoll.
The arrow hits the gnoll.
The gnoll is heavily wounded.
The gnoll hits you with a +0 club.
You shoot an arrow.
The arrow hits the gnoll but does no damage.
The gnoll is lightly wounded.
The gnoll hits you with a +0 club. The gnoll barely misses you.
The gnoll hits you but does no damage.
You shoot an arrow. The arrow hits the gnoll!
You kill the gnoll!
The gnoll hits you with a +0 club.
The gnoll hits you from afar with a +0 spear.
Your Ranged Weapons skill increases to level 7!
You shoot an arrow. The arrow barely misses the gnoll.
The arrow hits the gnoll.
The gnoll is moderately wounded.
The gnoll misses you. The gnoll closely misses you.
The gnoll hits you with a +0 club.
The gnoll hits you from afar with a +0 spear.
You die...

.. . #. ##. . ###..
...##..g##
......)g.# #.@.#
######...#
#.......## ).
..#####.# ... ##..#
.#..< #..#####
.....#######.##...#
...#.<...##......#
....##........#.##


You could see 2 gnolls.

Vanquished Creatures
  A gnoll (D:2)
  A worm (D:2)
  A dart slug (D:1)
  5 ball pythons
  2 giant cockroaches
  5 goblins (D:1)
  2 hobgoblins (D:1)
  3 jackals (D:1)
  A quokka (D:1)
  A bat (D:1)
  A frilled lizard (D:1)
  2 kobolds (D:1)
  2 rats (D:1)
27 creatures vanquished.

Notes
Turn   | Place    | Note
-------+----------+-------------------------------------------
     0 | D:1      | qw the Deep Elf Hunter began the quest for the Orb.
     0 | D:1      | Reached XP level 1. HP: 12/12 MP: 3/3
     0 | D:1      | 0 ||| qw: Version: 0.3-a-9-g12657ce
     0 | D:1      | 0 ||| qw: Game counter: 1911
     0 | D:1      | 0 ||| qw: Always use a shield: true
     0 | D:1      | 0 ||| qw: God list: Okawaru
     0 | D:1      | 0 ||| qw: Allow faded altars: false
     0 | D:1      | 0 ||| qw: Do Orc after D:15 true
     0 | D:1      | 0 ||| qw: Do second Lair branch before Depths: true
     0 | D:1      | 0 ||| qw: Lair rune preference: random
     0 | D:1      | 0 ||| qw: Plans: Normal
     0 | D:1      | 0 ||| PLANNING D:1-11
   254 | D:1      | Reached skill level 6 in Ranged Weapons
   254 | D:1      | Reached XP level 2. HP: 16/16 MP: 4/4
   521 | D:1      | Reached XP level 3. HP: 18/20 MP: 5/5
   670 | D:1      | 670 ||| UPGRADING to +0 scale mail.
   680 | D:1      | 680 ||| DROPPING +0 leather armour.
   681 | D:1      | 681 ||| UPGRADING to ring of positive energy.
   682 | D:1      | 682 ||| READING scroll labelled HYULLYN FONU.
   683 | D:1      | 683 ||| READING scroll labelled KEGGAWUJEY.
   684 | D:1      | 684 ||| READING 2 scrolls labelled QAILUC FUEMO.
   685 | D:1      | 685 ||| READING scroll of enchant weapon.
   685 | D:1      | 685 ||| ENCHANTING +1 shortbow.
   686 | D:1      | 686 ||| READING scroll labelled DUIPHI LE OJU.
   687 | D:1      | 687 ||| DROPPING scroll of butterflies.
   778 | D:2      | Reached skill level 7 in Ranged Weapons
   778 | D:2      | HP: 4/20 [gnoll/+0 club (4)]
   778 | D:2      | Slain by a gnoll

Levels and vault maps discovered:
D:1:      nzn_arrival_crosshair, layout_basic
D:2:      layout_rooms, uniq_sigmund, uniq_jessica, uniq_terence

Skill      XL: |  1  2  3 |
---------------+----------+-----
Ranged Weapons | 6 7 |  7.0
Fighting       | |  1.5
Dodging        | |  2.4
Stealth        | |  1.2

Action                     || total
---------------------------++-------
   Fire: Shortbow          ||    66
    Use: Scroll            ||     5
 Armour: Leather armour    ||    13
         Scale mail        ||     1
  Dodge: Dodged            ||    15

Table legend:
 A = Non-vault XP
 B = Vault XP
 C = Vault XP percentage of total XP
 D = Non-vault monster count
 E = Vault monster count
 F = Vault count percentage of total count
                 A         B        C        D         E       F
            +---------+---------+-------+---------+---------+-------
      Total |      64 |       0 |   0.0 |      27 |       0 |   0.0
            +---------+---------+-------+---------+---------+-------
        D:1 |      41 |       0 |   0.0 |      23 |       0 |   0.0
        D:2 |      23 |       0 |   0.0 |       4 |       0 |   0.0
            +---------+---------+-------+---------+---------+-------
